 Dungeon Sprint DCSS version 0.31.0-32-g396128a36d (webtiles) character file.

Game seed: 15513399722433039343

821 Heoruswealwe the Spear-Bearer (level 7, -6/73 HPs)
             Began as a Minotaur Fighter on Mar 9, 2024.
             Was an Initiate of Gozag.
             Mangled by a centaur warrior (11 damage)
             ... in the Dungeon (Sprint IX: "|||||||||||||||||||||||||||||").
             The game lasted 00:03:14 (362 turns).

Heoruswealwe the Spear-Bearer (Minotaur Fighter)     Turns: 362, Time: 00:03:16

Health: -6/73      AC: 15    Str: 29    XL:     7   Next: 63%
Magic:  6/6        EV:  9    Int:  5    God:    Gozag
Gold:   486        SH:  0    Dex:  9    Spells: 6/6 levels left

rFire   . . .        b - +2 halberd (vamp)
rCold   . . .        (shield currently unavailable)
rNeg    . . .        c - +1 chain mail
rPois   .            (helmet restricted)
rElec   .            (no cloak)
rCorr   .            f - +0 pair of gloves
SInv    .            e - +0 pair of boots
Will    .....        (no amulet) Stlth
                     k - +3 ring of strength
HPRegen 0.32/turn    j - +3 ring of strength
MPRegen 0.10/turn

%: no teleportation
@: on fire, glowing
A: horns 2, retaliatory headbutt
a: Renounce Religion, Potion Petition, Call Merchant, Bribe Branch


You were in the Dungeon.
You worshipped Gozag.
Gozag was aware of your devotion.
You visited 1 branch You collected 486 gold pieces.

Inventory:

Hand Weapons
 a - a +0 trident
 b - a +2 vampiric halberd (weapon)
Armour
 c - a +1 chain mail (worn)
 d - a +0 buckler
 e - a +0 pair of boots (worn)
 f - a +0 pair of gloves (worn)
Jewellery
 j - a +3 ring of strength (right hand)
 k - a +3 ring of strength (left hand)
Wands
 h - a wand of iceblast (10)
Scrolls
 o - 2 scrolls of blinking
Potions
 g - a potion of haste
 i - a potion of berserk rage
 l - 5 potions of curing
 n - a potion of might


   Skills:
 + Level 10.7 Fighting
 * Level 14.2 Polearms
 + Level 10.7 Armour
 - Level 3.6 Shields


You had 6 spell levels left.
You didn't know any spells.
Your spell library was empty.

Dungeon Overview and Level Annotations

Branches:
Dungeon (1/1)

Altars:
Cheibriados
Dithmenos
Elyvilon
Fedhas
Gozag
Hepliaklqana
Kikubaaqudgha
Makhleb
Nemelex Xobeh
Okawaru
Qazlal
Ru
Sif Muna
Trog
Uskayaw
Vehumet
Wu Jian
Xom
Yredelemnul
Zin
The Shining One
Jiyva
Lugonu


Innate Abilities, Weirdness & Mutations

You have a pair of horns on your head.
You reflexively headbutt those who attack you in melee.


Message History

You barely miss the centaur warrior.
The centaur warrior is severely wounded.
The liquid fire burns you!
The centaur warrior shouts!
The deep elf pyromancer hits you with a +0 long sword.
The centaur warrior barely misses you. You furiously retaliate!
You headbutt the centaur warrior!
The centaur warrior kicks you but does no damage.
You closely miss the centaur warrior.
The centaur warrior is almost dead.
The liquid fire burns you!
* * * LOW HITPOINT WARNING * * *
The centaur warrior hits you but does no damage.
The centaur warrior kicks you but does no damage.
The deep elf pyromancer hits you but does no damage.
You barely miss the centaur warrior.
Your headbutt misses the centaur warrior.
The centaur warrior is almost dead.
The liquid fire burns you!
* * * LOW HITPOINT WARNING * * *
The centaur warrior hits you but does no damage.
The centaur warrior kicks you.
* * * LOW HITPOINT WARNING * * *
The deep elf pyromancer hits you but does no damage.
You feel much better. The liquid fire burns you!
* * * LOW HITPOINT WARNING * * *
The centaur warrior hits you but does no damage.
The centaur warrior kicks you.
* * * LOW HITPOINT WARNING * * *
The centaur warrior hits you but does no damage.
The centaur warrior closely misses you.
The deep elf pyromancer gestures wildly while chanting.
You hit the centaur warrior.
The centaur warrior is almost dead.
The liquid fire burns you!
* * * LOW HITPOINT WARNING * * *
The centaur warrior hits you!
You die...
Your body crumbles into a pile of gold. ▓▓▓▓▓▓▓▓▓▓▓▓▓▓▓▓▓▓▓▓▓▓▓▓ '!?)[.....)..EEe@ccc{... ▓▓▓▓▓▓▓▓▓▓▓▓▓▓▓▓▓▓▓▓▓▓▓▓

You could see 3 centaur warriors, a deep elf pyromancer and 2 fire elementals.

Vanquished Creatures
  An unseen horror (D)
  2 wyverns (D)
  A yak (D)
  An orc warrior (D)
  An ice beast (D)
  A howler monkey (D)
  2 orc wizards (D)
  2 adders (D)
  A ribbon worm (D)
  A hobgoblin (D)
  A ball python (D)
  A bat (D)
  A kobold (D)
  A rat (D)
17 creatures vanquished.

Notes
Turn   | Place    | Note
-------+----------+-------------------------------------------
     0 | D        | Heoruswealwe the Minotaur Fighter began the quest for the
                  | Orb.
     0 | D        | Reached XP level 1. HP: 19/19 MP: 0/0
     9 | D        | Reached skill level 3 in Polearms
    29 | D        | Noticed a howler monkey
    29 | D        | Noticed an ice beast
    36 | D        | Reached skill level 4 in Polearms
    38 | D        | Reached XP level 2. HP: 20/28 MP: 1/1
    45 | D        | Killed a howler monkey
    46 | D        | Reached skill level 5 in Fighting
    46 | D        | Reached skill level 6 in Polearms
    46 | D        | Reached skill level 5 in Armour
    46 | D        | Reached XP level 3. HP: 28/36 MP: 2/2
    54 | D        | Killed an ice beast
    55 | D        | Reached skill level 8 in Polearms
    55 | D        | Reached XP level 4. HP: 20/47 MP: 3/3
    55 | D        | Reached XP level 5. HP: 22/52 MP: 4/4
    56 | D        | Reached skill level 9 in Polearms
    62 | D        | Found a snail-covered altar of Cheibriados.
    62 | D        | Found a shadowy altar of Dithmenos.
    62 | D        | Found a white marble altar of Elyvilon.
    62 | D        | Found a blossoming altar of Fedhas.
    62 | D        | Found an opulent altar of Gozag.
    63 | D        | Found a hazy altar of Hepliaklqana.
    64 | D        | Found a viscous altar of Jiyva.
    65 | D        | Found an ancient bone altar of Kikubaaqudgha.
    66 | D        | Found a corrupted altar of Lugonu.
    67 | D        | Found a burning altar of Makhleb.
    68 | D        | Found a sparkling altar of Nemelex Xobeh.
    69 | D        | Found an iron altar of Okawaru.
    70 | D        | Became a worshipper of Gozag Ym Sagoz the Greedy
    71 | D        | Found a stormy altar of Qazlal.
    72 | D        | Found a sacrificial altar of Ru.
    73 | D        | Found a shimmering blue altar of Sif Muna.
    74 | D        | Found a bloodstained altar of Trog.
    75 | D        | Found a hide-covered altar of Uskayaw.
    76 | D        | Found a radiant altar of Vehumet.
    77 | D        | Found an ornate altar of the Wu Jian Council.
    78 | D        | Found a shimmering altar of Xom.
    79 | D        | Found a basalt altar of Yredelemnul.
    80 | D        | Found a glowing silver altar of Zin.
    81 | D        | Found a glowing golden altar of the Shining One.
   161 | D        | Noticed a wyvern
   161 | D        | Noticed a yak
   161 | D        | Noticed a wyvern
   161 | D        | Noticed an orc warrior
   166 | D        | Killed a wyvern
   167 | D        | Reached skill level 11 in Polearms
   167 | D        | Reached XP level 6. HP: 41/62 MP: 5/5
   172 | D        | Killed a yak
   173 | D        | Reached skill level 12 in Polearms
   180 | D        | Killed a wyvern
   181 | D        | Reached skill level 10 in Fighting
   181 | D        | Reached skill level 13 in Polearms
   181 | D        | Reached skill level 10 in Armour
   181 | D        | Reached XP level 7. HP: 34/72 MP: 6/6
   341 | D        | Noticed a centaur warrior
   341 | D        | Noticed a centaur warrior
   341 | D        | Noticed a centaur warrior
   341 | D        | Noticed a deep elf pyromancer
   342 | D        | Killed an unseen horror
   343 | D        | Reached skill level 14 in Polearms
   362 | D        | Noticed a fire elemental
   362 | D        | Noticed a fire elemental
   362 | D        | Mangled by a centaur warrior

Illustrated notes

Levels and vault maps discovered:
D:        linesprint [early_d, line_temple, items_1, d_10, items_2, lair_1,
          lair_end, items_3, orc_1, orc_end, items_4, d_15, swamp_1, shoals_1,
          snake_1, spider_1, d_20, vaults_1, items_5, swamp_end, shoals_end,
          snake_end, spider_end, vaults_end, d_27, items_6, zot_1, zot_end,
          crypt_end, forest_end, elf_end, slime_end, tomb_end, abyss_end,
          pan_hell_end]

Skill      XL: |  1  2  3  4  5  6  7 |
---------------+----------------------+-----
Polearms       | 4 6 8 11 13 14 | 14.2
Fighting       | 4 5 7 8 10 | 10.7
Armour         | 4 5 7 8 10 | 10.7
Shields        | |  3.6

Action                     |  1- 3 |  4- 6 |  7- 9 || total
---------------------------+-------+-------+-------++-------
  Melee: Trident           |    35 |     1 |       ||    36
         Headbutt          |     5 |     5 |     3 ||    13
         Halberd           |       |    19 |    28 ||    47
    Use: Potion            |       |       |     3 ||     3
 Armour: Scale mail        |    16 |       |       ||    16
         Chain mail        |       |    12 |    48 ||    60
  Dodge: Dodged            |    10 |     9 |    15 ||    34
  Block: Buckler           |     6 |       |       ||     6
